 Dungeon Crawl Stone Soup version 0.28-a0-533-g9f97627e2a (webtiles) character file.

Game seed: 16268586427571174038

9923 avis the Fighter (level 11, -6/81 HPs)
             Began as an Octopode Transmuter on Sept 24, 2021.
             Was an Initiate of Gozag.
             Mangled by a black mamba (17 damage)
             ... on level 2 of the Lair of Beasts on Sept 26, 2021.
             The game lasted 01:23:32 (12323 turns).

avis the Fighter (Octopode Transmuter)             Turns: 12323, Time: 01:23:32

Health: -6/81      AC:  2    Str: 12    XL:     11   Next: 54%
Magic:  4/18       EV: 20    Int: 15    God:    Gozag
Gold:   847        SH:  0    Dex: 19    Spells: 9/20 levels left

rFire   . . .      SeeInvis +     - Unarmed
rCold   + . .      Faith    .   (shield currently unavailable)
rNeg    . . .      Spirit   .   (helmet currently unavailable)
rPois   x          Reflect  .   h - amulet of regeneration
rElec   .          Harm     .   q - ring of see invisible
rCorr   .          Rampage  .   t - ring of ice
Will    .....                   G - ring of protection from fire
Stlth   ++++......              (no ring)
HPRegen 1.23/turn               (no ring)
MPRegen 0.16/turn               (no ring)
                                (no ring)
                                (no ring)

@: spider-form, very slightly contaminated, studying Short Blades
A: venomous fangs, almost no armour, (amphibious), 8 rings, tiny, (camouflage
1), (gelatinous body 1), (nimble swimmer 1), (tentacles)
a: End Transformation, Renounce Religion, Potion Petition, Call Merchant, Bribe
Branch


You were on level 2 of the Lair of Beasts.
You worshipped Gozag.
Gozag was pleased with you.
You were a venomous arachnid creature.
You visited 3 branches of the dungeon, and saw 11 of its levels.
You also visited: Sewer.

You collected 1717 gold pieces.
You spent 215 gold pieces at shops.
You paid 655 gold pieces to Gozag.

Inventory:

Missiles
 a - 32 arrows
 e - 13 bolts
 i - 2 throwing nets
 n - 46 poisoned darts
 M - 6 boomerangs
Armour
 C - a +0 hat of stealth (melded)
 D - a +0 buckler (melded)
Jewellery
 h - an amulet of regeneration (around neck)
 q - a ring of see invisible (left front leg)
 t - a ring of ice (right front leg)
 G - a ring of protection from fire (on tentacle)
Wands
 A - a wand of mindburst (15)
 F - a wand of flame (19)
 Q - a wand of iceblast (9)
Scrolls
 c - a scroll of magic mapping
 o - a scroll of fear
 p - 3 scrolls of teleportation
Potions
 b - a potion of cancellation {unknown}
 d - 4 potions of heal wounds
 f - 3 potions of invisibility
 g - 3 potions of haste
 r - 2 potions of ambrosia
 s - a potion of brilliance {unknown}
 u - 2 potions of might
 v - 2 potions of flight
 z - a potion of mutation {unknown}
 H - 2 potions of berserk rage
 I - a potion of resistance {unknown}
 N - 2 potions of attraction {unknown}


   Skills:
 - Level 10.0 Fighting
 - Level 3.0 Dodging
 - Level 8.0 Stealth
 - Level 4.0 Shields
 - Level 10.0 Unarmed Combat
 - Level 5.0 Spellcasting
 * Level 2.2 Translocations
 - Level 5.0 Transmutations
 - Level 4.0 Ice Magic
 - Level 3.0 Poison Magic


You had 9 spell levels left.
You knew the following spells:

 Your Spells              Type           Power      Damage    Failure   Level
a - Beastly Appendage     Tmut           36%        N/A       8%          1
o - Teleport Other        Tloc           10%        N/A       38%         3
p - Spider Form           Tmut/Pois      7%         N/A       24%         3
q - Ice Form              Ice/Tmut       25%        N/A       47%         4

Your spell library contained the following spells:

 Spells                   Type           Power      Damage    Failure   Level
 Wereblood                Tmut           18%        N/A       11%         2
 Apportation              Tloc           20%        N/A       17%         1
 Ensorcelled Hibernation  Hex/Ice        28%        N/A       26%         2
 Poisonous Vapours        Pois/Air       16%        N/A       30%         2
 Animate Skeleton         Necr           6%         N/A       34%         1
 Pain                     Necr           12%        1d4       34%         1
 Shock                    Conj/Air       12%        1d3       34%         1
 Gell's Gravitas          Tloc           5%         N/A       38%         3
 Corpse Rot               Necr/Air       N/A        N/A       45%         2
 Sublimation of Blood     Necr           1%         N/A       45%         2
 Swiftness                Air            3%         N/A       65%         3
 Tukima's Dance           Hex            3%         N/A       65%         3
 Vampiric Draining        Necr           1%         2d6       65%         3
 Petrify                  Tmut/Erth      11%        N/A       71%         4
 Alistair's Intoxication  Tmut/Pois      10%        N/A       83%         5
 Airstrike                Air            1%         N/A       95%         4
 Irradiate                Conj/Tmut      5%         3d15      95%         5
 Dispersal                Tloc           5%         N/A       100%        6
 Invisibility             Hex            1%         N/A       100%        6


Dungeon Overview and Level Annotations

Branches:
Dungeon (8/15)             Temple (1/1) D:4            Lair (2/6) D:8
  Sewer (visited)
  Swamp: Lair:2-4    Shoals: Lair:2-4     Snake: Lair:2-4    Spider: Lair:2-4

Altars:
Ashenzari
Cheibriados
Dithmenos
Elyvilon
Fedhas
Gozag
Hepliaklqana
Kikubaaqudgha
Makhleb
Okawaru
Qazlal
Ru
Sif Muna
Trog
Uskayaw
Vehumet
Wu Jian
Xom
Yredelemnul

Shops:
D:5 **

Annotations:
D:4 2 transporters
Lair:2 exclusion: 2 oklob plants


Innate Abilities, Weirdness & Mutations

You are a venomous arachnid creature.
You have poisonous fangs.
You are tiny and dextrous.
Your spellcasting is less reliable in this form.
Your armour is entirely melded.
You are incapable of wielding weapons or throwing items.
You cannot wear most types of armour.
((You are amphibious.))
You can wear up to eight rings at the same time.
((Your skin changes colour to match your surroundings (Stealth+).))
((Your rubbery body absorbs attacks. (AC +1, EV +1)))
((You are camouflaged near water. (Stealth+)))
((You have tentacles for arms and can constrict up to eight enemies at once.))


Message History

Your +0 buckler melds into your body.
You feel less stealthy. The black mamba closely misses you.
You hit the black mamba.
The black mamba is lightly wounded.
The black mamba completely misses you. The black mamba closely misses you.
You hit the black mamba.
The black mamba is lightly wounded.
The black mamba closely misses you.
You hit the black mamba.
The black mamba is moderately wounded.
The black mamba bites you!
You are poisoned.
The black mamba poisons you! The black mamba bites you!
You hit the black mamba.
The black mamba is heavily wounded.
You feel extremely sick. The black mamba completely misses you.
You closely miss the black mamba.
The black mamba is heavily wounded.
You feel very sick. The black mamba barely misses you.
The black mamba closely misses you.
You bite the black mamba!
The black mamba is poisoned.
The black mamba is heavily wounded.
You feel very sick. The black mamba closely misses you.
You hit the black mamba.
The black mamba is severely wounded.
You feel very sick. The black mamba completely misses you.
You barely miss the black mamba.
The black mamba is severely wounded.
You feel very sick. The black mamba bites you!!
* * * LOW HITPOINT WARNING * * *
You are lethally poisoned!
The black mamba poisons you! The black mamba bites you!
* * * LOW HITPOINT WARNING * * *
You feel better. The black mamba bites you!
You die...
Your body crumbles into a pile of gold.

## #.....# .#
###....P# .#
#.....### .###
##.....# ..P#
#....## ...#
#.....# ..##
##<...## ..###
#...S..## ....#
##..s.#.# ....#
#.##..## ....#
###..## ....#
#####..## ....##
##..#..## .....#
#.#...##
....######.....#
...####.#P..#.##
###.##.....####


You could see a black mamba (very poisoned).

Vanquished Creatures
  Gastronok (D:8)
  A hydra (Lair:2)
  A black mamba (Lair:1)
  5 cane toads
  Maggie (D:8)
  A rime drake (Lair:2)
  A komodo dragon (Lair:2)
  Grinder (D:3)
  A shadow (D:5)
  A wyvern (D:8)
  3 yaks (Lair:1)
  2 basilisks (Lair:1)
  A floating eye (Lair:2)
  3 water moccasins
  2 ice beasts
  2 orc warriors
  6 wolves (Lair:2)
  2 ogres
  4 centaurs
  A necrophage (D:5)
  A phantom (D:6)
  A kobold brigand (D:8)
  3 scorpions (D:5)
  6 bullfrogs
  A water moccasin zombie (D:6)
  9 killer bees
  A howler monkey (D:5)
  A bullfrog zombie (D:5)
  3 centaur zombies
  A jelly (D:5)
  2 centaur skeletons
  A gnoll shaman (D:7)
  A bullfrog skeleton (D:4)
  3 orc priests
  Crazy Yiuf (D:6)
  4 hounds
  3 iguanas
  5 orc wizards
  A killer bee zombie (D:8)
  Robin (D:3)
  8 gnolls
  9 river rats (Sewer)
  13 adders
  A shadow imp (D:6)
  2 ufetubi (D:6)
  An adder skeleton (D:4)
  3 worms
  A dart slug (D:4)
  23 orcs
  4 bats
  13 endoplasms
  3 giant cockroaches
  7 goblins
  7 hobgoblins
  A jackal (D:4)
  21 kobolds
  4 quokkas
  11 ball pythons
  2 frilled lizards
  19 rats
242 creatures vanquished.

Vanquished Creatures (others)
  A fungus (Lair:2)
  6 plants (Lair:2)
7 creatures vanquished.

Grand Total: 249 creatures vanquished

Notes
Turn   | Place    | Note
-------+----------+-------------------------------------------
     0 | D:1      | avis the Octopode Transmuter began the quest for the Orb.
     0 | D:1      | Reached XP level 1. HP: 13/13 MP: 3/3
   166 | D:1      | Reached XP level 2. HP: 19/19 MP: 5/5
   941 | D:1      | Reached XP level 3. HP: 25/25 MP: 4/6
  1294 | D:1      | Learned a level 3 spell: Spider Form
  1312 | D:2      | Reached skill level 1 in Poison Magic
  2451 | D:2      | Reached XP level 4. HP: 31/31 MP: 7/7
  2766 | D:2      | Found a faded altar of an unknown god.
  3639 | D:3      | Reached XP level 5. HP: 36/36 MP: 4/8
  3700 | D:3      | Upgraded the game from 0.28-a0-519-gbfeecf2fc5 to
                  | 0.28-a0-529-g3bad584f25
  3875 | D:3      | Noticed Grinder
  3880 | D:3      | Paralysed by Grinder for 2 turns
  3902 | D:3      | Killed Grinder
  3903 | D:3      | Reached XP level 6. HP: 26/43 MP: 1/10
  4196 | D:3      | Noticed Robin
  4203 | D:3      | Killed Robin
  4404 | D:4      | Found a transporter.
  4551 | D:4      | Found a staircase to the Ecumenical Temple.
  4565 | Temple   | Entered the Ecumenical Temple
  4634 | Temple   | Became a worshipper of Gozag Ym Sagoz the Greedy
  4714 | D:4      | Reached XP level 7. HP: 48/48 MP: 8/11
  4891 | D:4      | Reached skill level 5 in Fighting
  5001 | D:4      | Found a transporter.
  5168 | D:4      | HP: 1/50 [orc priest/divine providence (15)]
  5171 | D:4      | Reached skill level 5 in Unarmed Combat
  5380 | Temple   | Upgraded the game from 0.28-a0-529-g3bad584f25 to
                  | 0.28-a0-533-g9f97627e2a
  5385 | Temple   | Learned a level 4 spell: Ice Form
  5402 | D:5      | Entered Level 5 of the Dungeon
  5442 | D:5      | Found a glowing drain.
  5454 | Sewer    | Entered a sewer
  5706 | Sewer    | Reached skill level 1 in Ice Magic
  5818 | Sewer    | Reached XP level 8. HP: 55/55 MP: 10/12
  6160 | D:5      | Found Agaufit's Assorted Antiques.
  6167 | D:5      | Bought a scroll of fear for 80 gold pieces
  6167 | D:5      | Bought a scroll of identify for 46 gold pieces
  6167 | D:5      | Bought a scroll of identify for 46 gold pieces
  6167 | D:5      | Bought a scroll labelled VUILOJ PIGUAVACI for 23 gold
                  | pieces
  6167 | D:5      | Bought a fuming inky potion for 20 gold pieces
  6232 | D:5      | Noticed a shadow
  6246 | D:5      | Killed a shadow
  6379 | D:5      | Found Jairchi's Elemental Accessories.
  6719 | D:5      | Reached XP level 9. HP: 63/63 MP: 9/13
  7123 | D:6      | Found a runed translucent door.
  7127 | D:6      | Noticed Crazy Yiuf
  7139 | D:6      | Killed Crazy Yiuf
  7534 | D:6      | Reached skill level 5 in Transmutations
  7910 | D:7      | Found an iron altar of Okawaru.
  7921 | D:7      | Identified the +1 hand axe "Killer Bee's Curse" {vorpal,
                  | *Noise Str+2 Int+2}
  7955 | D:7      | Reached skill level 1 in Shields
  8212 | D:7      | Found a hide-covered altar of Uskayaw.
  8488 | D:8      | Found a broken altar of Ashenzari.
  8567 | D:8      | Found a staircase to the Lair.
  8783 | D:8      | Noticed Maggie
  8795 | D:8      | Killed Maggie
  8796 | D:8      | Reached XP level 10. HP: 48/71 MP: 13/17
  8957 | D:8      | Found a large runed translucent door.
  8958 | D:8      | Found a large runed translucent door.
  8968 | D:8      | Found an ornate altar of the Wu Jian Council.
  9007 | D:8      | Reached skill level 5 in Spellcasting
  9192 | D:8      | Noticed Gastronok
  9289 | D:7      | Reached skill level 5 in Stealth
  9573 | D:8      | Killed Gastronok
  9839 | D:8      | Found an ancient bone altar of Kikubaaqudgha.
  9842 | D:8      | Found a shadowy altar of Dithmenos.
  9947 | Lair:1   | Entered Level 1 of the Lair of Beasts
  9947 | Lair:1   | Noticed a cane toad
  9952 | Lair:1   | Noticed a black mamba
  9973 | Lair:1   | Killed a cane toad
  9978 | Lair:1   | Killed a black mamba
 10103 | Lair:1   | Noticed a cane toad
 10105 | Lair:1   | Killed a cane toad
 10313 | Lair:1   | Reached XP level 11. HP: 80/80 MP: 14/18
 11269 | Lair:1   | Learned a level 3 spell: Teleport Other
 11456 | Lair:2   | Noticed a six-headed hydra
 11468 | Lair:2   | Killed a six-headed hydra
 11469 | Lair:2   | Reached skill level 10 in Fighting
 11875 | Lair:2   | Reached skill level 10 in Unarmed Combat
 12117 | Lair:2   | Noticed an oklob plant
 12145 | Lair:2   | Reached skill level 1 in Translocations
 12149 | Lair:2   | Noticed an oklob plant
 12163 | Lair:2   | Paralysed by a floating eye for 3 turns
 12323 | Lair:2   | Mangled by a black mamba

Illustrated notes

Levels and vault maps discovered:
D:1:      erik_arrival_cave_to_civilisation [erik_arrival_cave_to_hall],
          layout_basic, minivault_25, minmay_misc_feat_rows
D:2:      layout_basic, dilly_ecumenical_altar_fadedgnrine, minmay_hexomino_u4
D:3:      layout_basic, roderic_roman_lattice, minmay_misc_feat_x,
          minmay_misc_feat_four_crosses, chequers_serial_rivers_micro_a,
          uniq_robin, uniq_grinder
D:4:      gammafunk_wand_slinger, layout_rooms,
          minmay_temple_entry_stoned_glass, minmay_fractal_squares_diagonal_5
D:5:      layout_loops_ring, portal_sewer_entry_d, serial_shops, shop,
          nicolae_elemental_shop, minmay_manual_mail
D:6:      layout_basic, uniq_crazy_yiuf_cottage
D:7:      layout_rooms, mainiacjoe_overflow_six_doors_small,
          okawaru_ov_weapons_minmay
D:8:      layout_gridville, mainiacjoe_overflow_alcove_2,
          cheibrodos_ashenzari_chains, jmf_multi_god_temple2, lair_entry_dummy,
          uniq_gastronok, uniq_maggie
Temple:   nicolae_temple_god_jail
Lair:1:   layout_chaotic_city, st_stairs_4, grunt_megastairs_2
Lair:2:   layout_cave_pods, disabler_island

Skill      XL: |  1  2  3  4  5  6  7  8  9 10 11 |
---------------+----------------------------------+-----
Fighting       | 2 3 4 5 6 7 9 10 | 10.0
Poison Magic   | 2 3 |  3.0
Transmutations | 3 4 5 |  5.0
Spellcasting   | 3 4 5 |  5.0
Stealth        | 3 4 8 |  8.0
Unarmed Combat | 4 5 6 7 8 10 | 10.0
Dodging        | 3 |  3.0
Ice Magic      | 1 4 |  4.0
Shields        | 4 |  4.0
Translocations | 2 |  2.2

Action                   |  1- 3 |  4- 6 |  7- 9 | 10-12 || total
-------------------------+-------+-------+-------+-------++-------
Melee: Unarmed           |    15 |    77 |   268 |   187 ||   547
       Tentacles         |    11 |     1 |    16 |     1 ||    29
       Constrict         |    14 |     2 |    30 |     1 ||    47
       Kick              |    10 |     1 |    33 |     1 ||    45
       Dagger            |    40 |    13 |   121 |     6 ||   180
       Punch             |     1 |     1 |     3 |       ||     5
 Fire: Hunting sling     |    17 |     4 |       |       ||    21
 Cast: Beastly Appendage |    30 |     4 |    29 |     4 ||    67
       Spider Form       |       |    20 |    39 |     5 ||    64
       Ice Form          |       |       |       |    27 ||    27
Invok: Potion Petition   |       |       |     1 |     1 ||     2
 Abil: End Transformatio |       |       |       |     3 ||     3
  Use: Potion            |       |     1 |     4 |     1 ||     6
       Scroll            |       |     2 |     6 |    12 ||    20
 Stab: Sleeping          |     5 |     6 |    13 |    11 ||    35
       Distracted        |       |       |     1 |       ||     1
Armor: Skin              |     6 |     5 |    19 |    44 ||    74
Dodge: Dodged            |    27 |    47 |   278 |   131 ||   483

Table legend: (Time is in decaauts)
 A = Elapsed time spent in this place.
 B = Non-inter-level travel time spent in this place.
 C = Inter-level travel time spent in this place.
 D = Time resting spent in this place.
 E = Time spent auto-exploring this place.
 F = Levels seen in this place.
 G = Mean time per level.
                   A        B        C        D        E       F      G
               +--------+--------+--------+--------+--------+-----+--------+
         Total |  12262 |  11479 |    783 |   2652 |   4642 |  12 | 1021.8 |
       Dungeon |   9394 |   8713 |    681 |   2344 |   3690 |   8 | 1174.2 |
        Temple |    102 |     87 |     15 |      0 |     52 |   1 |  102.0 |
          Lair |   2138 |   2051 |     87 |    308 |    900 |   2 | 1069.0 |
         Sewer |    626 |    626 |      0 |      0 |      0 |   1 |  626.0 |
               +--------+--------+--------+--------+--------+-----+--------+

Top non-repeatable levels by time:
     D:2: 2141 daAuts
     D:1: 1423 daAuts
     D:8: 1149 daAuts
  Lair:1: 1125 daAuts
     D:6: 1100 daAuts
  Lair:2: 1013 daAuts
     D:3: 943 daAuts
     D:5: 920 daAuts
     D:7: 863 daAuts
     D:4: 852 daAuts
   Sewer: 626 daAuts
  Temple: 102 daAuts
